 Dungeon Crawl Stone Soup version 0.31.0-11-ge490571c62 (webtiles) character file.

Game seed: 16923200424926545371

31 qw the Shooter (level 3, -5/18 HPs)
             Began as a Spriggan Hunter on Feb 4, 2024.
             Slain by a gnoll
             ... wielding a +0 spear
              (6 damage)
             ... on level 2 of the Dungeon.
             The game lasted 00:00:04 (970 turns).

qw the Shooter (Spriggan Hunter)                     Turns: 970, Time: 00:00:05

Health: -5/18      AC:  2    Str:  5 (7)  XL:     3   Next: 7%
Magic:  4/4        EV: 19    Int:  7 (10) God:
Gold:   34         SH:  0    Dex: 18 (20) Spells: 2/2 levels left

rFire   . . .        a - +0 shortbow (freeze)
rCold   . . .        (shield currently unavailable)
rNeg    . . .        c - +0 robe
rPois   .            (helmet restricted)
rElec   .            (no cloak)
rCorr   .            (gloves unavailable)
SInv    +            (boots unavailable)
Will    .....        (no amulet)
Stlth   ++           (no ring)
HPRegen 0.23/turn    (no ring)
MPRegen 0.09/turn

%: no passive effects
@: very quick
A: very small, no large weapons, unfitting armour, see invisible, speed 3
a: no special abilities


You were on level 2 of the Dungeon.
You visited 1 branch of the dungeon, and saw 2 of its levels.

You collected 34 gold pieces.


Innate Abilities, Weirdness & Mutations

You are very small and have problems with some larger weapons.
You are too small for most types of armour.
You have supernaturally acute eyesight. (SInv)
You cover ground extremely quickly. (Speed+++)


   Skills:
 - Level 1.5 Fighting
 + Level 4.4 Ranged Weapons
 - Level 4.0 Dodging
 - Level 1.5 Stealth


You had 2 spell levels left.
You didn't know any spells.
Your spell library was empty.

Inventory:

Hand Weapons
 a - a +0 shortbow of freezing (weapon)
Armour
 c - a +0 robe (worn)
Potions
 e - a potion of resistance

Dungeon Overview and Level Annotations

Branches:
Dungeon (2/15)

Altars:


Message History

You shoot an arrow.
The arrow barely misses the ball python.
The ball python barely misses you. The ball python completely misses you.
Enter note:
Enter note:
962 ||| RETREEEEATING.
You shoot an arrow. The arrow hits the ball python.
The arrow freezes the ball python.
The ball python is heavily wounded.
The ball python closely misses you. The ball python grabs you.
The ball python constricts you.
You shoot an arrow. The arrow hits the ball python!
The arrow freezes the ball python.
You kill the ball python!
The gnoll completely misses you.
You shoot an arrow. The arrow hits the gnoll.
The arrow freezes the gnoll.
You kill the gnoll!
The gnoll misses you.
You have reached level 3!
Your experience leads to an increase in your attributes!
Your base attributes are Str 7, Int 10, Dex 18.
Increase (S)trength, (I)ntelligence, or (D)exterity?
You feel agile. x2
You shoot an arrow.
The arrow hits the gnoll but does no damage.
The gnoll hits you from afar with a +0 spear.
You shoot an arrow. The arrow barely misses the gnoll.
The gnoll hits you from afar with a +0 spear!
The gnoll barely misses you.
You shoot an arrow. The arrow hits the gnoll.
The arrow freezes the gnoll.
The gnoll is moderately wounded.
The gnoll closely misses you. The gnoll misses you.
You shoot an arrow. The arrow closely misses the gnoll.
The gnoll barely misses you. The gnoll hits you but does no damage.
You shoot an arrow.
The arrow hits the gnoll but does no damage.
The gnoll is moderately wounded.
The gnoll hits you with a +0 club!
The gnoll hits you from afar with a +0 spear.
You die...

..# #.......###..........#
..# #.......+.#..........#
..###.......#.#..........#
.................?......#####
.........####.####...........
.........# #.#.......##.....
......#### #.#.##...........
......... #.#.##...........
.........####.#.@g...........
##............####g..%..#....
.####...............<.......
.. ..........S.g..).......
....#..)###......... ..
#..g..#........#
#..g..#.......##
##....##........
#....##....#.##


You could see 2 gnolls.

Vanquished Creatures
  A gnoll (D:2)
  3 ball pythons
  2 endoplasms
  3 goblins
  2 hobgoblins (D:1)
  2 quokkas
  2 bats (D:1)
  A kobold (D:2)
  4 rats (D:1)
20 creatures vanquished.

Notes
Turn   | Place    | Note
-------+----------+-------------------------------------------
     0 | D:1      | qw the Spriggan Hunter began the quest for the Orb.
     0 | D:1      | Reached XP level 1. HP: 10/10 MP: 2/2
     0 | D:1      | 0 ||| qw: Version: 0.3-a-160-g6735b56
     0 | D:1      | 0 ||| qw: Game counter: 4462
     0 | D:1      | 0 ||| qw: Melee chars always use a shield: true
     0 | D:1      | 0 ||| qw: God list: Okawaru
     0 | D:1      | 0 ||| qw: Allow faded altars: false
     0 | D:1      | 0 ||| qw: Do Orc after clearing Dungeon:15 true
     0 | D:1      | 0 ||| qw: Do second Lair branch before Depths: true
     0 | D:1      | 0 ||| qw: Lair rune preference: random
     0 | D:1      | 0 ||| qw: Goals: Normal
     0 | D:1      | 0 ||| PLANNING D:1-11
    97 | D:1      | Reached skill level 3 in Dodging
   287 | D:1      | You fall into a shaft and drop 1 floor!
   327 | D:2      | 327 ||| READING 2 scrolls labelled TIOXKI XI LETU.
   327 | D:2      | 327 ||| IDENTIFYING black potion
   328 | D:2      | 328 ||| READING scroll of identify.
   328 | D:2      | 328 ||| IDENTIFYING scroll labelled CEMIOJOV EFROW
   329 | D:2      | 329 ||| READING scroll of brand weapon.
   329 | D:2      | 329 ||| BRANDING +0 shortbow.
   330 | D:2      | 330 ||| DROPPING scroll of butterflies.
   337 | D:2      | 337 ||| FLEEEEING.
   338 | D:2      | 338 ||| FLEEEEING.
   339 | D:2      | 339 ||| STAIRDANCE
   392 | D:1      | Reached XP level 2. HP: 14/14 MP: 3/3
   492 | D:1      | Found a faded altar of an unknown god.
   880 | D:1      | 880 ||| DROPPING +6 ring of intelligence.
   881 | D:1      | 881 ||| READING scroll labelled TAOXAE LIMAEDD.
   881 | D:1      | 881 ||| ENCHANTING +0 shortbow of freezing.
   882 | D:1      | 882 ||| DRINKING 3 brown potions.
   883 | D:1      | 883 ||| DROPPING 2 potions of degeneration.
   947 | D:2      | 947 ||| RETREEEEATING.
   948 | D:2      | 948 ||| RETREEEEATING.
   949 | D:2      | 949 ||| RETREEEEATING.
   951 | D:2      | 951 ||| RETREEEEATING.
   952 | D:2      | 952 ||| RETREEEEATING.
   953 | D:2      | 953 ||| RETREEEEATING.
   954 | D:2      | 954 ||| RETREEEEATING.
   955 | D:2      | 955 ||| RETREEEEATING.
   959 | D:2      | 959 ||| RETREEEEATING.
   962 | D:2      | 962 ||| RETREEEEATING.
   966 | D:2      | Reached XP level 3. HP: 18/18 MP: 4/4
   970 | D:2      | HP: 1/18 [gnoll/+0 club (8)]
   970 | D:2      | Slain by a gnoll

Levels and vault maps discovered:
D:1:      dpeg_arrival_radiant, layout_loops_corners,
          chequers_ecumenical_altar_twisty
D:2:      layout_basic, minmay_misc_feat_rows, uniq_robin

Skill      XL: |  1  2 |
---------------+-------+-----
Dodging        | 3 4 |  4.0
Fighting       | |  1.5
Ranged Weapons | |  4.4
Stealth        | |  1.5

Action                     || total
---------------------------++-------
   Fire: Shortbow          ||    56
    Use: Scroll            ||     4
         Potion            ||     1
 Armour: Robe              ||     7
  Dodge: Dodged            ||    27

Table legend:
 A = Non-vault XP
 B = Vault XP
 C = Vault XP percentage of total XP
 D = Non-vault monster count
 E = Vault monster count
 F = Vault count percentage of total count
                 A         B        C        D         E       F
            +---------+---------+-------+---------+---------+-------
      Total |      45 |       0 |   0.0 |      20 |       0 |   0.0
            +---------+---------+-------+---------+---------+-------
        D:1 |      20 |       0 |   0.0 |      13 |       0 |   0.0
        D:2 |      25 |       0 |   0.0 |       7 |       0 |   0.0
            +---------+---------+-------+---------+---------+-------
